 Dungeon Crawl Stone Soup version 0.27-a0-1513-g2aaa0cc67b (webtiles) character file.

Game seed: 3213681597327356463

169 mandarbmax the Caller (level 5, -8/28 HPs)
             Began as a Tengu Summoner on July 9, 2021.
             Killed by divine providence
             ... invoked by an orc priest
              (13 damage)
             ... on level 3 of the Dungeon.
             The game lasted 00:06:37 (3648 turns).

mandarbmax the Caller (Tengu Summoner)              Turns: 3648, Time: 00:06:37

Health: -8/28      AC:  2    Str:  8    XL:     5   Next: 50%
Magic:  1/9        EV: 14    Int: 17    God:
Gold:   182        SH:  0    Dex: 14    Spells: 1/8 levels left

rFire    . . .     SeeInvis .   k - +0 spear
rCold    + . .     Faith    .   (no shield)
rNeg     . . .     Spirit   .   i - +0 robe {rC+}
rPois    .         Reflect  .   (helmet restricted)
rElec    .         Harm     .   (no cloak)
rCorr    .         Rampage  .   (no gloves)
Will     .....                  (boots unavailable)
Stlth    ++........             (no amulet)
HPRegen  0.09/turn              (no ring)
MPRegen  0.11/turn              (no ring)

@: flying quickly and evasively, quick
A: beak, talons 3, nimble flight
a: no special abilities


You were on level 3 of the Dungeon.
You visited 1 branch of the dungeon, and saw 3 of its levels.

You collected 182 gold pieces.

Inventory:

Hand Weapons
 k - a +0 spear (weapon)
Armour
 i - a +0 robe of cold resistance (worn)
Jewellery
 n - an amulet of guardian spirit
Scrolls
 b - a scroll of enchant armour {unknown}
 c - 3 scrolls of identify
 f - a scroll of amnesia {unknown}
 g - a scroll of immolation
 h - a scroll of noise {unknown}
 j - a scroll of holy word {unknown}
 l - a scroll of fear {unknown}
 o - a scroll of torment {unknown}
Potions
 a - a potion of mutation


   Skills:
 - Level 2.1 Dodging
 - Level 2.0 Stealth
 + Level 2.0 Spellcasting
 * Level 7.5 Summonings
 + Level 2.2 Air Magic


You had one spell level left.
You knew the following spells:

 Your Spells              Type           Power      Damage    Failure   Level
a - Summon Small Mammal   Summ           100%       N/A       1%          1
b - Call Imp              Summ           27%        N/A       1%          2
c - Summon Lightning Spi  Summ/Air       18%        N/A       26%         4

Your spell library contained the following spells:

 Spells                   Type           Power      Damage    Failure   Level
 Call Canine Familiar     Summ           27%        N/A       2%          3
 Summon Guardian Golem    Hex/Summ       14%        N/A       12%         3
 Slow                     Hex            1%         N/A       28%         2
 Mephitic Cloud           Conj/Pois/Air  4%         N/A       38%         3
 Confusing Touch          Hex            1%         N/A       50%         3
 Ignite Poison            Fire/Tmut/Pois 1%         N/A       50%         3
 Vampiric Draining        Necr           0%         2d6       50%         3
 Bolt of Magma            Conj/Fire/Erth 0%         4d4       99%         5


Dungeon Overview and Level Annotations

Branches:
Dungeon (3/15)

Altars:
Uskayaw


Innate Abilities, Weirdness & Mutations

You have a beak for a mouth.
You have claws for feet.
Your magical nature lets you fly swiftly and evasively.


Message History

As you read the scroll labelled JOAG PAETEIJEPT, it crumbles to dust.
The creatures around you are filled with an inner flame!
It was a scroll of immolation.
The orc priest casts a cantrip, but nothing happens.
The orc hits you with a +0 hand axe!
* * * LOW HITPOINT WARNING * * *
It was a potion of lignification.
You turn into a tree.
Your +0 robe of cold resistance melds into your body.
You feel less resistant to cold.
Your roots penetrate the ground.
The orc hits you but does no damage.
Unknown command.
Okay, then.
It was a potion of attraction.
You feel attractive to monsters.
The orc priest looks braver for a moment.
The orc hits you but does no damage. The orc priest is pulled toward you!
The jackal is pulled toward you! x2
It was a potion of cancellation.
Your magical effects are unravelling.
You feel magically purged.
Your magical contamination has completely faded away.
You feel less wooden.
Your +0 robe of cold resistance unmelds from your body.
You feel resistant to cold. The orc closely misses you.
An orc wizard comes into view. It is wielding a +0 dagger.
You feel less attractive to monsters.
Casting: Summon Lightning Spire (potentially lethal; 26% risk of failure)
Confirm with . or Enter, or press ? or * to list all spells.
A shadowy apparition takes form in the air.
The orc wizard shouts!
The orc barely misses you.
Unknown command.
The orc priest looks encouraged for a moment.
Unknown command.
You swap places.
Your shadow imp misses the orc.
The orc hits your shadow imp but does no damage.
Your shadow imp hits the orc.
Flame seeps out of the orc.
The orc priest calls down the wrath of Beogh upon you.
Beogh smites you!
You die...

....##.###.#
#.#.#.###...###
######.#
#.###.#.#5#.......# #.#
#.....#.#.#.#(#.#.# #.#
#.#####.#.........#
#.#########.###.#.#.#.#
#.....................#
###########.###.#.#.#.#
#.# #.......# #@#
#.#.#.#.# #.# #...#...#
#5# ###.#...# #o#
#.#...# #o# .# .# #o#
#h# #h# #o###


You could see 2 orc priests, an orc (inner flame, ally target), 2 jackals and a
friendly shadow imp (summoned).

Vanquished Creatures
  2 adders (D:2)
  An adder zombie (D:3)
  4 dart slugs
  3 orcs (D:3)
  3 ball pythons
  A bat (D:2)
  2 endoplasms
  3 giant cockroaches
  2 goblins
  4 hobgoblins
  4 jackals (D:2)
  5 kobolds
  A quokka (D:3)
  A frilled lizard (D:2)
  3 rats (D:3)
39 creatures vanquished.

Vanquished Creatures (collateral kills)
  An ogre (D:3)
  A scorpion (D:3)
  2 adders
  A dart slug (D:3)
  An orc (D:3)
  A ball python (D:2)
  A giant cockroach (D:1)
  2 goblins
  3 hobgoblins
  A jackal (D:2)
  2 bats (D:2)
  5 frilled lizards
  A kobold (D:1)
  A rat (D:2)
23 creatures vanquished.

Grand Total: 62 creatures vanquished

Notes
Turn   | Place    | Note
-------+----------+-------------------------------------------
     0 | D:1      | mandarbmax the Tengu Summoner began the quest for the Orb.
     0 | D:1      | Reached XP level 1. HP: 10/10 MP: 4/4
    32 | D:1      | Reached skill level 5 in Summonings
   141 | D:1      | Reached XP level 2. HP: 15/15 MP: 6/6
   850 | D:1      | Reached XP level 3. HP: 7/19 MP: 3/7
  1174 | D:2      | Reached skill level 6 in Summonings
  1205 | D:2      | Learned a level 2 spell: Call Imp
  1881 | D:2      | Found a faded altar of an unknown god.
  2022 | D:2      | Reached XP level 4. HP: 17/24 MP: 8/8
  2417 | D:3      | Learned a level 4 spell: Summon Lightning Spire
  2418 | D:3      | Found a hide-covered altar of Uskayaw.
  2524 | D:3      | Noticed a scorpion
  2536 | D:3      | Killed a scorpion
  2537 | D:3      | Reached skill level 7 in Summonings
  2537 | D:3      | Reached skill level 1 in Air Magic
  2539 | D:3      | Noticed an ogre
  2554 | D:3      | Killed an ogre
  2555 | D:3      | Gained mutation: Your magical nature lets you fly swiftly
                  | and evasively. [Tengu growth]
  2555 | D:3      | Reached XP level 5. HP: 28/28 MP: 1/9
  3648 | D:3      | Killed from afar by an orc priest

Illustrated notes

Levels and vault maps discovered:
D:1:      ncdulo_halloftheorcs, layout_loops_ring, minmay_ruptured
D:2:      minmay_chambers_of_ones, layout_rooms, ebering_ecumenical_altar_box
D:3:      layout_basic, mainiacjoe_overflow_six_doors_small, serial_glass,
          glass_columns_b, glass_columns_a, glass_columns_a,
          minmay_fractal_squares_5

Skill      XL: |  1  2  3  4 |
---------------+-------------+-----
Summonings     | 5 6 7 |  7.5
Air Magic      | 2 |  2.2
Dodging        | |  2.1
Stealth        | |  2.0
Spellcasting   | |  2.0

Action                   |  1- 3 |  4- 6 || total
-------------------------+-------+-------++-------
Melee: Short sword       |    66 |    17 ||    83
       Unarmed           |     6 |       ||     6
       Kick              |    21 |    13 ||    34
       Peck              |    13 |     9 ||    22
       Spear             |       |    63 ||    63
 Cast: Summon Small Mamm |    38 |     8 ||    46
       Call Imp          |     4 |    11 ||    15
       Summon Lightning  |       |     1 ||     1
  Use: Potion            |       |     3 ||     3
       Scroll            |       |     2 ||     2
 Stab: Sleeping          |     3 |     1 ||     4
       Distracted        |       |     2 ||     2
Armor: Robe              |    14 |    10 ||    24
       Skin              |       |     2 ||     2
Dodge: Dodged            |    57 |    37 ||    94

Table legend: (Time is in decaauts)
 A = Elapsed time spent in this place.
 B = Non-inter-level travel time spent in this place.
 C = Inter-level travel time spent in this place.
 D = Time resting spent in this place.
 E = Time spent auto-exploring this place.
 F = Levels seen in this place.
 G = Mean time per level.
                   A        B        C        D        E       F      G
               +--------+--------+--------+--------+--------+-----+--------+
         Total |   3596 |   3564 |     32 |    651 |   2366 |   3 | 1198.7 |
       Dungeon |   3596 |   3564 |     32 |    651 |   2366 |   3 | 1198.7 |
               +--------+--------+--------+--------+--------+-----+--------+

Top non-repeatable levels by time:
     D:1: 1359 daAuts
     D:3: 1184 daAuts
     D:2: 1052 daAuts
